 Dungeon Crawl Stone Soup version 0.25-a0-110-ge29c8f2358 (webtiles) character file.

Game seed: 3942500726193657235, levelgen mode: deterministic

1094 D1HalberdGnoll the Covert (level 8, -5/60 HPs)
             Began as a Vampire Assassin on Nov 19, 2019.
             Was an Initiate of Gozag.
             Slain by a two-headed ogre
             ... wielding a +0 giant club
              (18 damage)
             ... on level 6 of the Dungeon.
             The game lasted 00:10:32 (4877 turns).

D1HalberdGnoll the Covert (Vampire Assassin)        Turns: 4877, Time: 00:10:33

Health: -5/60      AC:  4    Str: 12    XL:     8   Next: 9%
Magic:  8/8        EV: 14    Int: 14    God:    Gozag
Gold:   619        SH:  0    Dex: 15    Spells: 7/7 levels left

rFire    . . .     SeeInvis +   a - +2 dagger
rCold    . . .     Gourm    .   (no shield)
rNeg     . . .     Faith    .   y - +0 leather armour {rPois}
rPois    +         Spirit   .   (no helmet)
rElec    .         Reflect  .   c - +0 cloak
rCorr    .         Harm     .   (no gloves)
MR       .....                  (no boots)
Stlth    ++++......             (no amulet)
HPRegen  0.40/turn              (no ring)
MPRegen  0.11/turn              (no ring)

@: regenerating quickly
A: no food, fangs 3, see invisible, unbreathing
a: Exsanguinate, Potion Petition, Call Merchant, Bribe Branch, Renounce Religion


You were on level 6 of the Dungeon.
You worshipped Gozag.
Gozag was pleased with you.
You were alive.

You visited 2 branches of the dungeon, and saw 7 of its levels.

You collected 733 gold pieces.
You spent 90 gold pieces at shops.
You paid 24 gold pieces to Gozag.

Inventory:

Hand Weapons
 a - a +2 dagger (weapon)
Missiles
 d - 33 poisoned darts (quivered)
 e - 2 curare-tipped darts
Armour
 c - a +0 cloak (worn)
 h - the cursed +0 chain mail of Aleca {rN+ Dex-5 SInv, unknown}
   (You found it on level 5 of the Dungeon)

   It affects your dexterity (-5).
   It protects you from negative energy.
   It lets you see invisible.
   It has a curse placed upon it.
 y - a +0 leather armour of poison resistance (worn)
Scrolls
 g - 4 scrolls of identify
 k - a scroll of immolation
 l - a scroll of blinking {unknown}
 m - 3 scrolls of teleportation
 n - 2 scrolls of remove curse
 r - a scroll of fear
 s - 2 scrolls of random uselessness {unknown}
 u - a scroll of fog {unknown}
 v - a scroll of noise {unknown}
 w - a scroll of magic mapping
 B - a scroll of enchant weapon {unknown}
Potions
 b - 5 potions of curing
 f - a potion of resistance {unknown}
 i - 2 potions of brilliance {unknown}
 j - 2 potions of mutation {unknown}
 o - a potion of flight {unknown}
 p - 4 potions of heal wounds {unknown}
 t - a potion of cancellation {unknown}
 x - 3 potions of agility {unknown}
 z - a potion of might {unknown}
 A - 3 potions of ambrosia {unknown}
 C - a potion of degeneration {unknown}


   Skills:
 + Level 4.1 Fighting
 + Level 5.1 Short Blades
 - Level 1.5 Throwing
 + Level 4.7 Dodging
 * Level 10.9 Stealth


You had 7 spell levels left.
You didn't know any spells.
Your spell library was empty.

Dungeon Overview and Level Annotations

Branches:
Dungeon (6/15)             Temple (1/1) D:4

Altars:
Ashenzari
Cheibriados
Dithmenos
Gozag
Hepliaklqana
Kikubaaqudgha
Makhleb
Nemelex Xobeh
Ru
Sif Muna
Trog
Uskayaw
Vehumet
Wu Jian
Xom
Zin
The Shining One

Shops:
D:6 *


Innate Abilities, Weirdness & Mutations

You do not eat.
Your natural rate of healing is unusually fast.
You have razor-sharp teeth.
You have supernaturally acute eyesight. (SInv)
You can survive without breathing.


Message History

Throwing (i - inventory. (/) - cycle)
d - 35 poisoned darts (quivered)
Press: ? - help, Shift-Dir - straight line, f/p - two-headed ogre
Aim: a two-headed ogre, wielding two +0 giant clubs (almost dead)
You throw a poisoned dart.
The poisoned dart barely misses the two-headed ogre.
Found 11 gold pieces.
You see here a poisoned dart.
You see here a poisoned dart.
Throwing (i - inventory. (/) - cycle)
d - 34 poisoned darts (quivered)
Press: ? - help, Shift-Dir - straight line, f/p - two-headed ogre
Aim: a two-headed ogre, wielding two +0 giant clubs (heavily wounded)
You throw a poisoned dart.
The poisoned dart hits the two-headed ogre.
The two-headed ogre is poisoned.
The two-headed ogre is heavily wounded.
The two-headed ogre hits you with a +0 giant club!!
* * * LOW HITPOINT WARNING * * *
The two-headed ogre hits you with a +0 giant club!!
You die...
Your body crumbles into a pile of gold.

.......# #(......#
.......###.......##
.......'....####..+
.......###..## #.##
.......# #...# #.#
.......# #.#.# #.#
###+#....#.#.###.#
####.#.#..##.#
.#.##.##@#
#.##..#O# #...#.#.#
#### ###.#.#.# ..#
#.#.#.# ######.#
#.#.#.# .....#.#
#.#..(# #....
#.#####.##..#
#####.#
#.......##..#
...#.#


You could see a two-headed ogre.

Vanquished Creatures
  Sigmund (D:3)
  Eustachio (D:5)
  A sky beast (D:5)
  An orc warrior (D:5)
  An ogre (D:4)
  3 scorpions
  A hound (D:4)
  2 orc priests
  Ijyb (D:3)
  2 orc wizards
  A worker ant (D:4)
  9 adders
  An adder skeleton (D:4)
  3 dart slugs
  3 leopard geckos
  11 orcs
  2 ball pythons
  5 bats
  3 giant cockroaches
  5 goblins
  10 hobgoblins
  9 jackals (D:3)
  5 kobolds
  2 quokkas
  6 frilled lizards
  A giant cockroach zombie (D:6)
  A quokka skeleton (D:4)
  4 rats
95 creatures vanquished.

Notes
Turn   | Place    | Note
-------+----------+-------------------------------------------
     0 | D:1      | D1HalberdGnoll the Vampire Assassin began the quest for the
                  | Orb.
     0 | D:1      | Reached XP level 1. HP: 16/16 MP: 1/1
    56 | D:1      | Reached skill level 6 in Stealth
   125 | D:1      | Reached XP level 2. HP: 22/22 MP: 2/2
   150 | D:1      | You fall into a shaft and drop 1 floor!
   194 | D:2      | Reached XP level 3. HP: 25/27 MP: 3/3
   770 | D:2      | Reached skill level 7 in Stealth
   781 | D:2      | Reached XP level 4. HP: 24/33 MP: 4/4
   909 | D:2      | Found a hazy altar of Hepliaklqana.
   910 | D:2      | Found an opulent altar of Gozag.
   919 | D:2      | Became a worshipper of Gozag Ym Sagoz the Greedy
  1550 | D:3      | Noticed Sigmund
  1605 | D:3      | Killed Sigmund
  1605 | D:3      | Reached skill level 8 in Stealth
  1605 | D:3      | Reached XP level 5. HP: 29/41 MP: 5/5
  1605 | D:3      | Reached XP level 6. HP: 34/47 MP: 6/6
  1835 | D:3      | Noticed Ijyb
  1851 | D:3      | Killed Ijyb
  2253 | D:3      | Found a bloodstained altar of Trog.
  2621 | D:4      | Found a glowing silver altar of Zin.
  2624 | D:4      | Found Zin's Purification Station.
  2629 | D:4      | Bought a potion of curing for 90 gold pieces
  2840 | D:4      | Reached skill level 9 in Stealth
  2844 | D:4      | Reached XP level 7. HP: 45/52 MP: 7/7
  3216 | D:4      | Found a staircase to the Ecumenical Temple.
  3533 | Temple   | Entered the Ecumenical Temple
  3653 | D:5      | Entered Level 5 of the Dungeon
  3821 | D:5      | Found a sacrificial altar of Ru.
  3917 | D:5      | Reached skill level 10 in Stealth
  3966 | D:5      | Noticed Eustachio
  3990 | D:5      | Killed Eustachio
  4131 | D:5      | Got a steaming chain mail
  4459 | D:5      | Reached skill level 5 in Short Blades
  4459 | D:5      | Reached XP level 8. HP: 51/60 MP: 8/8
  4699 | D:6      | Found Quuh's General Store.
  4699 | D:6      | Noticed a two-headed ogre
  4801 | D:6      | HP: 2/60 [two-headed ogre/+0 giant club (13)]
  4877 | D:6      | Slain by a two-headed ogre

Levels and vault maps discovered:
D:1:      dpeg_arrival_round_b, layout_rooms, minivault_24
D:2:      layout_basic, gammafunk_temple_overflow_pools
D:3:      layout_loops_ring, fountainhead, trog_butcher_becter, uniq_ijyb,
          uniq_sigmund
D:4:      layout_basic, zin_purify, minmay_temple_entry_nine_rooms,
          kennysheep_donut
D:5:      layout_gridville, first_ration, nicolae_ru_path_of_blood,
          uniq_eustachio
D:6:      layout_basic, kennysheep_ying_yang, old_standard_altar, serial_shops,
          nicolae_shop_temple_entry_statues_fountains,
          grunt_dithmenos_smoke_and_mirrors
Temple:   dshaligram_water_room_temple

Skill      XL: |  1  2  3  4  5  6  7 |
---------------+----------------------+-----
Stealth        | 6 7 8 9 10 | 10.9
Fighting       | 2 3 4 |  4.1
Dodging        | 2 3 4 |  4.7
Short Blades   | 3 4 5 |  5.1
Throwing       | |  1.5

Action                   |  1- 3 |  4- 6 |  7- 9 || total
-------------------------+-------+-------+-------++-------
Melee: Dagger            |    95 |   190 |    94 ||   379
       Bite              |     6 |    13 |    13 ||    32
Throw: Dart              |     5 |    32 |    73 ||   110
Evoke: Wand              |       |       |     4 ||     4
  Use: Scroll            |       |       |     6 ||     6
 Stab: Sleeping          |     6 |    10 |     2 ||    18
Armor: Robe              |    13 |       |       ||    13
       Ring mail         |    17 |    53 |    18 ||    88
       Leather armour    |       |       |     6 ||     6
Dodge: Dodged            |    41 |    93 |    92 ||   226

Table legend:
 A = Non-vault XP
 B = Vault XP
 C = Vault XP percentage of total XP
 D = Non-vault monster count
 E = Vault monster count
 F = Vault count percentage of total count
                 A         B        C        D         E       F
            +---------+---------+-------+---------+---------+-------
      Total |    1087 |     476 |  30.5 |      88 |       7 |   7.4
            +---------+---------+-------+---------+---------+-------
        D:1 |      30 |       0 |   0.0 |      16 |       0 |   0.0
        D:2 |     110 |       0 |   0.0 |      16 |       0 |   0.0
        D:3 |     115 |     280 |  70.9 |      28 |       6 |  17.6
        D:4 |     326 |       0 |   0.0 |      14 |       0 |   0.0
        D:5 |     340 |     196 |  36.6 |       6 |       1 |  14.3
        D:6 |     166 |       0 |   0.0 |       8 |       0 |   0.0
            +---------+---------+-------+---------+---------+-------
